Yev-Ruu, chaotic female vampiric Convict -------- -------- -------- -------- -------- -------- |......| |.......### |..._.[| |......| |.......### |......| |......| |......| # |...o@_| |......|####-......| # |......| |......-####.......| ##....o..| #-...<..-# |......| ##.......| |......| |......| |.......####|......| |......| |......| |......| |......| |......| |......| |.....{| |......| -----.-- -------- ----|--- -------- -------- -----|-- ### ## # # # # ## ## # # --.----- -------- --.--|-- -------- -----.-- |......| |......| |...>..| |......| |......| |.......####|......| |......| |......| | |..%...| |......| #.......| |......| #).......- .......| |......| |......| |......| |......| # |......| | |.)....| |......| |......| |......-### |......| |._....| -------- -------- -------- -------- -------- Yev-Ruu the Jail-bird Experience level: 7 Strength: 18 Dexterity: 10 Constitution: 20 Intelligence: 10 Wisdom: 10 Charisma: 7 Health: 0(72) Energy: 29(29) AC: 0 Gold: 1343 Moves: 4382 Your Inventory: Coins $ - 1343 gold pieces Armor b - a cursed +0 striped shirt (being worn) t - an [uncursed] +0 elven mithril-coat (being worn) y - a blessed +2 pair of walking shoes [of drain resistance (low)] (being worn) E - an uncursed +0 hard hat [dwarvish iron helm] (being worn) Comestibles L - an [uncursed] Hyper Futa Mare Dick named My Lucky Scrolls h - 3 [uncursed] unlabeled scrolls [of blank paper] i - a [cursed] unlabeled scroll [of blank paper] j - 2 [uncursed] scrolls of flood p - an [uncursed] scroll of identify v - a [cursed] scroll labeled AQUE BRAGH [of enchant weapon] w - a [cursed] scroll of identify W - a [cursed] scroll of light Z - a [cursed] scroll labeled KERNOD WEL [of earth] Potions g - a [cursed] yellow potion [of healing] k - an [uncursed] brown potion [of fruit juice] q - an [uncursed] puce potion [of object detection] I - a [cursed] sparkling potion [of booze] K - a [cursed] golden potion [of gain energy] Wands z - an [uncursed] bronze wand [of undead turning (0:4)] Tools e - an [uncursed] brass lantern l - an [uncursed tallow] candle n - an [uncursed] looking glass [mirror] o - an [uncursed wax] candle r - an [uncursed] blindfold u - an [uncursed] tin whistle Gems a - 2 [uncursed] yellow gems [worthless glass] m - an [uncursed] black gem [worthless glass] M - an [uncursed] green gem [worthless glass] Y - an [uncursed] white gem [worthless glass] Iron balls c - an [uncursed] heavy iron ball (chained to you) (weapon in hand) Spells known in the end: Name Level Category Fail Memory Your skills at the end: Fighting Skills Weapon Skills sling [Basic / Skilled] Spellcasting Skills Final Attributes: You were piously aligned. Hunger level was 502. Your alignment was 31 / 31. Monster difficulty range was 1 - 6. Level difficulty was 6. You were immune to poison. You were immune to level-drain. You were immune to sickness. You were punished. You could fly. You could survive without air. You regenerated. Your luck was zero. You are dead. Vanquished creatures: a small mimic a wolf 2 leprechauns a lizard a raven a plains centaur a snake a Woodland-elf a wood nymph a rock piercer a rock mole 2 shriekers a gnome lord 2 gray oozes a ghoul a paper golem a giant ant a floating eye a kitten 4 dwarves a kobold lord a hill orc 3 rothes a monkey a werejackal 3 iguanas an acid blob 4 coyotes 2 gas spores a hobbit 2 manes 2 giant rats 2 yellow molds 10 gnomes 4 geckos 2 jackals a fox 2 goblins a grid bug 2 lichens a kobold zombie 8 newts 81 creatures vanquished. Voluntary challenges: You went without food. You never hit with a wielded weapon. You read items or engraved 4 times. You put on armor 16 times. You never genocided any monsters. You never polymorphed an object. You never changed form. You used no wishes. You abstained from Elbereth's help. You never encountered a bones level. You never used any Sokoban shortcuts. Dungeon overview: The Dungeons of Doom: levels 1 to 6 Level 1 a long staircase Level 2 a general store Level 3 (vault) a scroll shop, a fountain Level 4 stairs to The Gnomish Mines Level 5 (Ninfa) a sink Level 6 <- You were here some altars to Tymora, a fountain The Gnomish Mines: Level 5 stairs to The Dungeons of Doom History has recorded: On T:1 you entered the Dungeons of Doom to retrieve the Amulet of Yendor! On T:145 you advanced to experience level 2. On T:331 you reached level 2 of The Dungeons of Doom. On T:669 you advanced to experience level 3. On T:826 you reached level 3 of The Dungeons of Doom. On T:892 you advanced to experience level 4. On T:1046 you reached level 4 of The Dungeons of Doom. On T:1103 you reached level 1 of The Gnomish Mines. On T:1123 you advanced to experience level 5. On T:1382 you advanced to experience level 6. On T:2476 you advanced to experience level 7. On T:2691 you reached level 5 of The Dungeons of Doom. On T:3126 you reached level 6 of The Dungeons of Doom. On T:3972 you received a fireproof sling of telepathy from Tymora. Latest messages: The hill orc thrusts her crude dagger. The hill orc hits! The hill orc thrusts his runed short sword. The hill orc misses. [HP-15=43] You begin bashing monsters with your heavy iron ball. You miss the hill orc. You bite the hill orc. The hill orc swings her curved sword. The hill orc hits! The hill orc thrusts her crude dagger. The hill orc hits! The hill orc thrusts his runed short sword. The hill orc hits! [HP-30=13] You miss the hill orc. You bite the hill orc. You kill the hill orc! The hill orc thrusts her crude dagger. The hill orc hits! The hill orc thrusts his runed short sword. The hill orc hits! You die... Final status: Goodbye Yev-Ruu the Convict... You died in The Dungeons of Doom on dungeon level 6 with 5395 points, and 1343 pieces of gold, after 4382 moves. You were level 7 with a maximum of 72 hit points when you died.